[Event "10th Iberoamericano-ch 2024"]
[Site "Linares"]
[Date "2024.09.25"]
[Round "1.6"]
[White "Santos Flores, Alberto"]
[Black "Fier, Alexandr"]
[Result "1-0"]
[ECO "E11"]
[WhiteElo "2168"]
[BlackElo "2551"]
[Annotator "RC"]
[PlyCount "135"]
[EventDate "2024.09.25"]
[EventType "swiss"]
[EventCountry "ESP"]
[SourceTitle "playchess.com"]
[Source "ChessBase"]
[SourceQuality "1"]
[TimeControl "5400+30"]

1. d4 Nf6 2. c4 e6 3. Nf3 Bb4+ 4. Bd2 Qe7 5. g3 Bxd2+ 6. Qxd2 Nc6 7. Nc3 d5 8. e3 dxc4 9. Bxc4 O-O 10. O-O b6 11. Rfd1 Bb7 12. Bf1 Rfd8 13. Bg2 Nb4 14. a3 Nbd5 15. Nxd5 Bxd5 16. Qe2 c5 17. dxc5 bxc5 18. Ne5 Qb7 19. Bxd5 exd5 20. b4 Re8 21. Nd3 c4 22. Nf4 Re4 23. Qf3 Rae8 24. Ne2 Ng4 25. Nf4 Nf6 26. Ne2 Nd7 27. Nf4 Nb6 28. Ra2 Qa8 29. Kg2 h6 30. Rad2 c3 31. Rc2 Rc8 32. Rd3 Rcc4 33. Rcxc3 Rxc3 34. Rxc3 Nc4 35. Qd1 Nb6 36. Kg1 Rc4 37. Nxd5 Rxc3 38. Nxc3 Qc6 39. Qd8+ Kh7 40. Qd3+ Kg8 41. b5 Qc5 42. Qd8+ Kh7 43. Qd3+ Kg8 44. a4 Qa3 45. Qd8+ Kh7 46. Qd3+ Kg8 47. Qd4 Kh7 48. Qe4+ Kg8 49. Qd4 Kh7 50. Kg2 Kg8 51. h4 Kh7 52. e4 Kg8 53. Nd5 Qxa4 54. Ne7+ Kh7 55. Qxa4 Nxa4 56. Nc6 Nc3 57. Nxa7 Nxe4 58. b6 Nd6 59. Nb5 Nb7 60. Kf3 g5 61. hxg5 hxg5 62. Ke4 Kg6 63. Kd5 f5 64. Nd6 Na5 65. b7 Nxb7 66. Nxb7 Kh5 67. Ke5 Kg4 68. Nd6 1-0

[Event "10th Iberoamericano-ch 2024"]
[Site "Linares"]
[Date "2024.09.25"]
[Round "1.14"]
[White "Maldonado Mena, German"]
[Black "Oro, Faustino"]
[Result "0-1"]
[ECO "D37"]
[WhiteElo "2123"]
[BlackElo "2434"]
[Annotator "TA"]
[PlyCount "38"]
[EventDate "2024.09.25"]
[EventType "swiss"]
[EventCountry "ESP"]
[SourceTitle "playchess.com"]
[Source "ChessBase"]
[SourceQuality "1"]
[TimeControl "5400+30"]

1. d4 d5 2. c4 e6 3. Nf3 Nf6 4. Nc3 dxc4 5. e3 a6 6. a4 b6 7. Bxc4 Bb7 8. O-O Bb4 {[%emt 0:00:42] Die Stellung ist ausgeglichen.} 9. Ne5 O-O 10. f3 Bd6 11. Nd3 Nc6 12. e4 {[%emt 0:06:09] [#]} (12. b3 $11 {hält das Gleichgewicht.}) 12... Be7 $1 $17 ({Schlechter ist} 12... Nxd4 13. e5 $16) 13. d5 Na5 14. Ba2 exd5 15. b4 $2 {[%emt 0:00:28] Ein Fehler, der zur Niederlage führt.} ({Besser ist} 15. e5 $15 Ne8 16. Rb1) 15... dxe4 $19 16. Ne5 Bxb4 {[%emt 0:00:33] Schwarz steht auf Gewinn.} 17. Qxd8 Raxd8 ({Weniger gut wäre} 17... Rfxd8 18. Nxe4 Bd5 19. Nxf6+ gxf6 20. Ng4 Bc5+ 21. Be3 Bxe3+ 22. Nxe3 $19) 18. Nxe4 Bxe4 19. fxe4 Bc3 {[%emt 0:00:11] Gewichteter Fehlerwert: Weiß=0.42/Schwarz=0.03 (makellos) .  Verlustzug:     	Weiß=1     	---        Fehler:       	Weiß=1     	---        Ungenau:       	Weiß=1     	---        OK:         	Weiß=5     	Schwarz=4     Bester:       	---       	Schwarz=1     Stark:        	---       	Schwarz=1} ({Schwächer ist} 19... Nxe4 20. Be3 Nf6 21. Bf4 $19) 0-1

[Event "10th Iberoamericano-ch 2024"]
[Site "Linares"]
[Date "2024.09.25"]
[Round "2.7"]
[White "Blanco Acevedo, Cristobal Jose"]
[Black "Flores Quillas, Diego Saul Rodri"]
[Result "0-1"]
[ECO "B51"]
[WhiteElo "2301"]
[BlackElo "2451"]
[Annotator "RC"]
[PlyCount "109"]
[EventDate "2024.09.25"]
[EventType "swiss"]
[EventCountry "ESP"]
[SourceTitle "playchess.com"]
[Source "ChessBase"]
[SourceQuality "1"]
[TimeControl "5400+30"]

1. e4 c5 2. Nf3 d6 3. Bb5+ Nd7 4. a4 Ngf6 5. Nc3 g6 6. d4 cxd4 7. Nxd4 Bg7 8. O-O O-O 9. Kh1 Nc5 10. f3 Bd7 11. Be3 Rc8 12. Qd2 a6 13. Be2 Qa5 14. Ra3 Qb6 15. Rb1 Rfd8 16. Qd1 Nxa4 17. Na2 Qa5 18. b3 Qc5 19. Rxa4 Bxa4 20. bxa4 e5 21. Nf5 Qc4 22. Ne7+ Kh8 23. Nxc8 Rxc8 24. Bd3 Qxa2 25. Rxb7 d5 26. Qb1 Qxb1+ 27. Rxb1 d4 28. Bd2 Nd7 29. Kg1 Nc5 30. a5 h5 31. Kf1 Kh7 32. Ke2 Bh6 33. Be1 Bg5 34. Rb4 Be7 35. Rb6 Bd8 36. Rd6 Be7 37. Rd5 f6 38. g3 Rc6 39. Bd2 Kg7 40. f4 Nxd3 41. Kxd3 Bd6 42. h3 Kf7 43. f5 g5 44. g4 hxg4 45. hxg4 Ke7 46. c3 dxc3 47. Bxc3 Rc8 48. Be1 Rh8 49. Ke2 Rh2+ 50. Bf2 Kd7 51. Kf3 Kc6 52. Bb6 Rh8 53. Kg2 Rh7 54. Rd1 Rd7 55. Rc1+ 0-1

[Event "10th Iberoamericano-ch 2024"]
[Site "Linares"]
[Date "2024.09.25"]
[Round "2.10"]
[White "Oro, Faustino"]
[Black "Escalona Landi, Samid Eduardo"]
[Result "1-0"]
[ECO "B31"]
[WhiteElo "2434"]
[BlackElo "2305"]
[Annotator "RC"]
[PlyCount "87"]
[EventDate "2024.09.25"]
[EventType "swiss"]
[EventCountry "ESP"]
[SourceTitle "playchess.com"]
[Source "ChessBase"]
[SourceQuality "1"]
[TimeControl "5400+30"]

1. e4 c5 2. Nf3 Nc6 3. Bb5 g6 4. O-O Bg7 5. Bxc6 dxc6 6. d3 e5 7. a4 a5 8. Na3 Qc7 9. Be3 b6 10. Qd2 h6 11. Nc4 Ne7 12. h3 Be6 13. Rae1 g5 14. c3 O-O 15. Qc2 Ng6 16. Nfd2 Rab8 17. Rd1 Rfd8 18. Kh2 Qd7 19. Nb3 Qc7 20. Qe2 Kh7 21. Kg1 f5 22. exf5 Bxf5 23. Rfe1 Qf7 24. Qf3 e4 25. dxe4 Qxc4 26. Nd2 Rxd2 27. Bxd2 Be6 28. Qh5 Bf6 29. Bc1 Be7 30. h4 Kg7 31. f4 gxf4 32. Bxf4 Rh8 33. Bd6 Bxh4 34. Be5+ Nxe5 35. Qxh4 Ng6 36. Qg3 Rc8 37. Rd6 Kh7 38. Rf1 Rg8 39. Rf6 Bf7 40. Rd7 Nh8 41. Qf4 Rg6 42. Rxg6 Kxg6 43. Rd6+ Be6 44. Qf5+ 1-0

[Event "10th Iberoamericano-ch 2024"]
[Site "Linares"]
[Date "2024.09.25"]
[Round "2.11"]
[White "Romero Calduch, Sergio"]
[Black "Rodriguez Vila, Andres"]
[Result "1/2-1/2"]
[ECO "A40"]
[WhiteElo "2276"]
[BlackElo "2417"]
[Annotator "RC"]
[PlyCount "101"]
[EventDate "2024.09.25"]
[EventType "swiss"]
[EventCountry "ESP"]
[SourceTitle "playchess.com"]
[Source "ChessBase"]
[SourceQuality "1"]
[TimeControl "5400+30"]

1. d4 g6 2. c4 Bg7 3. Nf3 d6 4. h3 f5 5. g4 fxg4 6. hxg4 Bxg4 7. Ng5 h6 8. Rg1 Qd7 9. Ne4 Nc6 10. Be3 Nf6 11. Nxf6+ Bxf6 12. Nc3 Bf5 13. Bg2 e5 14. Nd5 Bg7 15. dxe5 Nxe5 16. Qb3 c6 17. Nf4 Qf7 18. Bd4 O-O 19. O-O-O g5 20. Bxe5 dxe5 21. Nd3 e4 22. Nc5 Qe7 23. Qe3 Be5 24. Bh3 Bxh3 25. Qxh3 Bg7 26. Ne6 Rxf2 27. Nxg7 Qxg7 28. Qe6+ Kh8 29. Rd7 Qf6 30. Qxe4 Qf4+ 31. Qxf4 Rxf4 32. Rh1 Rxc4+ 33. Kd2 Rh4 34. Rf1 Rf4 35. Rxf4 gxf4 36. Rxb7 a5 37. Ke1 a4 38. Kf2 c5 39. Kf3 Re8 40. Ra7 Re3+ 41. Kxf4 Rxe2 42. Rxa4 Rxb2 43. Kf5 Kg7 44. Ra7+ Kf8 45. a4 Ke8 46. Ke6 Rb6+ 47. Kd5 h5 48. Rh7 Ra6 49. Rxh5 Rxa4 50. Rh8+ Kf7 51. Kxc5 1/2-1/2

[Event "10th Iberoamericano-ch 2024"]
[Site "Linares"]
[Date "2024.09.25"]
[Round "2.39"]
[White "Arroyo Rodriguez, Jesus"]
[Black "Galvan Cipriani, Viviana"]
[Result "1/2-1/2"]
[ECO "B41"]
[WhiteElo "2006"]
[BlackElo "2141"]
[Annotator "RC"]
[PlyCount "158"]
[EventDate "2024.09.25"]
[EventType "swiss"]
[EventCountry "ESP"]
[SourceTitle "playchess.com"]
[Source "ChessBase"]
[SourceQuality "1"]
[TimeControl "5400+30"]

1. e4 c5 2. Nf3 e6 3. d4 cxd4 4. Nxd4 a6 5. c4 Nf6 6. Nc3 Bb4 7. Qc2 Qc7 8. a3 Bd6 9. h3 Nc6 10. Be3 O-O 11. Rd1 Bf4 12. Qd2 Bxe3 13. Qxe3 Ne5 14. b3 b6 15. f4 Nc6 16. e5 Ne8 17. Bd3 f5 18. g4 Bb7 19. Rg1 Nxd4 20. Qxd4 fxg4 21. Ne4 Rxf4 22. Nf6+ Rxf6 23. exf6 Nxf6 24. hxg4 Qc5 25. Qxc5 bxc5 26. g5 Ne8 27. Rd2 g6 28. Bf1 d5 29. Bg2 Nc7 30. Rf1 Re8 31. Rdf2 Re7 32. Rf8+ Kg7 33. Rb8 Ne8 34. Kd1 h6 35. gxh6+ Kxh6 36. Re1 Nf6 37. cxd5 Nxd5 38. Kc1 a5 39. Be4 Kg7 40. Rg1 Nf4 41. Re1 Nd5 42. Kb2 Rf7 43. Rh1 Rf2+ 44. Kc1 Ba6 45. Bxd5 exd5 46. Ra8 Bd3 47. Rxa5 Rc2+ 48. Kd1 Ra2 49. Rxc5 Be4 50. Re1 Rxa3 51. Rb5 Kf6 52. Kd2 Ke5 53. Rg1 Ra2+ 54. Ke3 Ra3 55. Rg5+ Kf6 56. Kf4 Ra6 57. Rgxd5 Bxd5 58. Rxd5 Rb6 59. Rd3 Rb4+ 60. Kf3 Kg5 61. Rc3 Kh5 62. Kg3 Rd4 63. Kh3 Rh4+ 64. Kg3 Rg4+ 65. Kh3 Rg1 66. Kh2 Rd1 67. Kh3 g5 68. Kg3 Rb1 69. Rd3 Rg1+ 70. Kh2 Rc1 71. Kg3 Kg6 72. Rd6+ Kf5 73. Rd5+ Kf6 74. Kg4 Rg1+ 75. Kf3 Kg6 76. Rd3 Kh5 77. Kf2 Rg4 78. Rh3+ Kg6 79. Rc3 Rf4+ 1/2-1/2

[Event "10th Iberoamericano-ch 2024"]
[Site "Linares"]
[Date "2024.09.26"]
[Round "3.2"]
[White "Leiva, Gianmarco"]
[Black "Salinas Herrera, Pablo"]
[Result "0-1"]
[ECO "C50"]
[WhiteElo "2389"]
[BlackElo "2479"]
[Annotator "RC"]
[PlyCount "77"]
[EventDate "2024.09.25"]
[EventType "swiss"]
[EventCountry "ESP"]
[SourceTitle "playchess.com"]
[Source "ChessBase"]
[SourceQuality "1"]
[TimeControl "5400+30"]

1. e4 e5 2. Nf3 Nc6 3. Bc4 Bc5 4. O-O Nf6 5. d3 d6 6. Bg5 h6 7. Bh4 a6 8. c3 Ba7 9. Nbd2 g5 10. Bg3 Nd7 11. Re1 Ne7 12. Nf1 Ng6 13. h3 h5 14. d4 g4 15. hxg4 hxg4 16. N3h2 Qg5 17. Nxg4 Ndf8 18. Nfe3 Bd7 19. Nf5 O-O-O 20. Nge3 Rh7 21. Bd5 Be6 22. dxe5 Nd7 23. Bxe6 fxe6 24. Nd4 dxe5 25. Nxe6 Rdh8 26. Kf1 Qf6 27. Qg4 Bxe3 28. Rxe3 Rh1+ 29. Ke2 Rxa1 30. Nc5 Ngf8 31. Rd3 Qe7 32. Rd5 b6 33. Rxe5 Qf7 34. Nd3 Rg8 35. Qf5 Qxf5 36. Rxf5 Rxa2 37. Rf7 Ne6 38. Ke3 Nec5 39. Kd4 0-1

[Event "10th Iberoamericano-ch 2024"]
[Site "Linares"]
[Date "2024.09.26"]
[Round "3.3"]
[White "Flores Quillas, Diego Saul Rodri"]
[Black "Horcajuelo Rocamora, Martin"]
[Result "1-0"]
[ECO "B90"]
[WhiteElo "2451"]
[BlackElo "2394"]
[Annotator "RC"]
[PlyCount "93"]
[EventDate "2024.09.25"]
[EventType "swiss"]
[EventCountry "ESP"]
[SourceTitle "playchess.com"]
[Source "ChessBase"]
[SourceQuality "1"]
[TimeControl "5400+30"]

1. e4 c5 2. Nf3 d6 3. d4 cxd4 4. Nxd4 Nf6 5. Nc3 a6 6. h3 e5 7. Nde2 h5 8. g3 Be7 9. Bg2 b5 10. Nd5 Nxd5 11. Qxd5 Ra7 12. Be3 Rb7 13. O-O Nd7 14. Qd2 O-O 15. Nc3 Nf6 16. Rfc1 Be6 17. Nd5 Nxd5 18. exd5 Bd7 19. c4 bxc4 20. Rxc4 Qb8 21. b3 Rc8 22. Rac1 Rbc7 23. Qa5 Rxc4 24. bxc4 h4 25. g4 f5 26. gxf5 Bxf5 27. Qxa6 Qa8 28. Qxa8 Rxa8 29. c5 Rxa2 30. c6 Rc2 31. Rxc2 Bxc2 32. c7 Bf5 33. Bf1 Bc8 34. Be2 Bxh3 35. Ba6 Kf7 36. Kh2 Bd7 37. c8=Q Bxc8 38. Bxc8 Kf6 39. Kh3 e4 40. Bd4+ Kg5 41. Bxg7 Kf4 42. Bd4 Kf3 43. Be3 Ke2 44. Ba6+ Ke1 45. Kg4 Bf6 46. Bc8 Kf1 47. Bf5 1-0

[Event "10th Iberoamericano-ch 2024"]
[Site "Linares"]
[Date "2024.09.26"]
[Round "3.4"]
[White "Garrido Outon, Alex"]
[Black "Perea Fruet, Lorenzo"]
[Result "1-0"]
[ECO "C70"]
[WhiteElo "2448"]
[BlackElo "2389"]
[Annotator "RC"]
[PlyCount "105"]
[EventDate "2024.09.25"]
[EventType "swiss"]
[EventCountry "ESP"]
[SourceTitle "playchess.com"]
[Source "ChessBase"]
[SourceQuality "1"]
[TimeControl "5400+30"]

1. e4 e5 2. Nf3 Nc6 3. Bb5 a6 4. Ba4 Nge7 5. c3 Ng6 6. d4 exd4 7. cxd4 Bb4+ 8. Nc3 O-O 9. O-O Bxc3 10. bxc3 d6 11. Bg5 f6 12. Bd2 Kh8 13. Re1 Bd7 14. c4 Bg4 15. Bxc6 bxc6 16. h3 Bxf3 17. Qxf3 Qd7 18. Bb4 Rfe8 19. Rac1 f5 20. Qxf5 Qxf5 21. exf5 Nh4 22. Ba5 Nxf5 23. Bxc7 Nxd4 24. Rxe8+ Rxe8 25. Rd1 Ne2+ 26. Kf1 Nc3 27. Rxd6 Nxa2 28. Rxc6 Nb4 29. Rd6 Rc8 30. Ba5 Nc6 31. Bc3 Rc7 32. Ke2 Kg8 33. Kd3 Kf7 34. c5 a5 35. Kc4 a4 36. Kb5 Ne7 37. Ba5 Rc8 38. Rd4 a3 39. Ra4 Ke6 40. Rxa3 Nc6 41. Bb6 Kd5 42. Rd3+ Nd4+ 43. Ka6 Kc4 44. Rg3 Rf8 45. Rxg7 Rxf2 46. c6 Ra2+ 47. Kb7 Nf5 48. Rd7 Re2 49. g4 Ne7 50. c7 Kb5 51. Bd4 Re6 52. Rxe7 Rxe7 53. Kb8 1-0

[Event "10th Iberoamericano-ch 2024"]
[Site "Linares"]
[Date "2024.09.26"]
[Round "3.12"]
[White "Gines Esteo, Pedro Antonio"]
[Black "Romero Calduch, Sergio"]
[Result "1-0"]
[ECO "A07"]
[WhiteElo "2477"]
[BlackElo "2276"]
[Annotator "RC"]
[PlyCount "58"]
[EventDate "2024.09.25"]
[EventType "swiss"]
[EventCountry "ESP"]
[SourceTitle "playchess.com"]
[Source "ChessBase"]
[SourceQuality "1"]
[TimeControl "5400+30"]

1. Nf3 d5 2. g3 g6 3. Bg2 Bg7 4. c4 c6 5. Qa4 d4 6. d3 Nf6 7. b4 Nfd7 8. O-O O-O 9. Nbd2 a5 10. bxa5 Rxa5 11. Qc2 Ra8 12. Nb3 e5 13. a4 Re8 14. a5 Na6 15. Ba3 c5 16. Rae1 Qc7 17. e3 dxe3 18. Rxe3 Ndb8 19. Ng5 Nc6 20. Ne4 Nd4 21. Nxd4 cxd4 22. Ree1 Qxa5 23. Ra1 Qc7 24. Rab1 Rd8 25. Rb5 Kh8 26. Rfb1 Qd7 27. Rd5 Qc7 28. Nd6 Kg8 29. Nxc8 Raxc8 1-0

[Event "10th Iberoamericano-ch 2024"]
[Site "Linares"]
[Date "2024.09.26"]
[Round "3.13"]
[White "Domingo Nunez, Alejandro"]
[Black "Fernandez Guillen, Ernesto J."]
[Result "0-1"]
[ECO "A05"]
[WhiteElo "2328"]
[BlackElo "2463"]
[Annotator "RC"]
[PlyCount "93"]
[EventDate "2024.09.25"]
[EventType "swiss"]
[EventCountry "ESP"]
[SourceTitle "playchess.com"]
[Source "ChessBase"]
[SourceQuality "1"]
[TimeControl "5400+30"]

1. Nf3 Nf6 2. g3 d5 3. Bg2 c5 4. O-O e6 5. d4 cxd4 6. Nxd4 Be7 7. c4 O-O 8. cxd5 Nxd5 9. e4 Nb4 10. Nc3 N8c6 11. Nxc6 Nxc6 12. Be3 Qa5 13. Qa4 Qxa4 14. Nxa4 Ne5 15. Bd4 Nc6 16. Be3 Ne5 17. Rac1 Bd7 18. Bc5 Bxc5 19. Nxc5 Bb5 20. Rfd1 b6 21. a4 Be2 22. Rd2 Nf3+ 23. Bxf3 Bxf3 24. Rc3 Bh5 25. Nd7 Rfd8 26. f3 f6 27. Rcd3 Rdc8 28. Kf2 Be8 29. Rd6 Kf7 30. e5 Rc7 31. exf6 gxf6 32. g4 h6 33. h4 Ke7 34. g5 hxg5 35. hxg5 Bxd7 36. gxf6+ Ke8 37. Ke3 Rd8 38. Kf4 Kf7 39. Ke5 Rc5+ 40. Kf4 Rf5+ 41. Ke3 Ke8 42. Rh2 Rxf6 43. Rh7 Rf7 44. Rxf7 Kxf7 45. a5 bxa5 46. Ra6 Ra8 47. Kd4 0-1

[Event "10th Iberoamericano-ch 2024"]
[Site "Linares"]
[Date "2024.09.26"]
[Round "3.14"]
[White "Vitier Vazquez, Cristian"]
[Black "Lopez Martinez, Josep Manuel"]
[Result "1/2-1/2"]
[ECO "A06"]
[WhiteElo "2344"]
[BlackElo "2448"]
[Annotator "RC"]
[PlyCount "77"]
[EventDate "2024.09.25"]
[EventType "swiss"]
[EventCountry "ESP"]
[SourceTitle "playchess.com"]
[Source "ChessBase"]
[SourceQuality "1"]
[TimeControl "5400+30"]

1. Nf3 d5 2. e3 Nf6 3. c4 e6 4. Nc3 dxc4 5. Bxc4 c5 6. d4 a6 7. O-O Nc6 8. d5 exd5 9. Nxd5 Nxd5 10. Bxd5 Be7 11. Bxc6+ bxc6 12. Qxd8+ Bxd8 13. Bd2 Bf6 14. Bc3 Bxc3 15. bxc3 Be6 16. Ne5 O-O-O 17. Nxc6 Rd2 18. Rfb1 Kc7 19. Na5 Rb8 20. Nb3 Rc2 21. Nxc5 Rxb1+ 22. Rxb1 Rxa2 23. Nxe6+ fxe6 24. g4 a5 25. Rb5 a4 26. Re5 a3 27. Rxe6 Rc2 28. Ra6 Rxc3 29. Kf1 Kb7 30. Ra4 Kb6 31. Ke1 Kb5 32. Ra8 Kb4 33. Kd2 Rc7 34. Rb8+ Ka4 35. Ra8+ Kb3 36. Rb8+ Ka4 37. Ra8+ Kb3 38. Rb8+ Ka4 39. Ra8+ 1/2-1/2

[Event "10th Iberoamericano-ch 2024"]
[Site "Linares"]
[Date "2024.09.27"]
[Round "4.1"]
[White "Salinas Herrera, Pablo"]
[Black "Garrido Outon, Alex"]
[Result "0-1"]
[ECO "D35"]
[WhiteElo "2479"]
[BlackElo "2448"]
[Annotator "RC"]
[PlyCount "84"]
[EventDate "2024.09.25"]
[EventType "swiss"]
[EventCountry "ESP"]
[SourceTitle "playchess.com"]
[Source "ChessBase"]
[SourceQuality "1"]
[TimeControl "5400+30"]

1. d4 d5 2. c4 e6 3. Nc3 Nf6 4. cxd5 exd5 5. Bg5 Bb4 6. Nf3 h6 7. Bxf6 Qxf6 8. Qa4+ Nc6 9. e3 O-O 10. Be2 Be6 11. O-O a6 12. Rfc1 Bd6 13. Qd1 Ne7 14. Na4 b6 15. b4 g5 16. Nb2 a5 17. b5 Ng6 18. Nd3 Rae8 19. Rc3 Kg7 20. Rac1 Re7 21. Nd2 h5 22. Bxh5 Rh8 23. h3 Nh4 24. Ne5 Nxg2 25. Kxg2 Qh6 26. Bg4 f5 27. Bf3 g4 28. hxg4 fxg4 29. Bxg4 Bxe5 30. dxe5 Qh2+ 31. Kf1 Qh1+ 32. Ke2 Bxg4+ 33. f3 Qh2+ 34. Kd3 Bf5+ 35. e4 dxe4+ 36. fxe4 Rd7+ 37. Kc2 Rxd2+ 38. Qxd2 Bxe4+ 39. Kd1 Qg1+ 40. Qe1 Rd8+ 41. Ke2 Qg4+ 42. Kf2 Qg2+ 0-1

[Event "10th Iberoamericano-ch 2024"]
[Site "Linares"]
[Date "2024.09.27"]
[Round "4.2"]
[White "Garcia Ramos, Daniel"]
[Black "Flores Quillas, Diego Saul Rodri"]
[Result "1-0"]
[ECO "B62"]
[WhiteElo "2415"]
[BlackElo "2451"]
[Annotator "RC"]
[PlyCount "71"]
[EventDate "2024.09.25"]
[EventType "swiss"]
[EventCountry "ESP"]
[SourceTitle "playchess.com"]
[Source "ChessBase"]
[SourceQuality "1"]
[TimeControl "5400+30"]

1. e4 c5 2. Nf3 d6 3. d4 Nf6 4. Nc3 cxd4 5. Nxd4 Nc6 6. Bg5 e6 7. Qd3 Bd7 8. Ndb5 Nb4 9. Qd1 a6 10. Bxf6 gxf6 11. a3 Nxc2+ 12. Qxc2 axb5 13. Bxb5 Bc6 14. O-O Be7 15. Rad1 Qb6 16. Qe2 Ra5 17. a4 Bxb5 18. axb5 h5 19. Rfe1 Kf8 20. Qc4 Ra8 21. Re3 Rg8 22. Rh3 Rh8 23. b4 h4 24. Rf3 Rh6 25. h3 Kg7 26. Rf4 Kh8 27. Rg4 Rg8 28. Rxg8+ Kxg8 29. Ra1 Kg7 30. Ra8 d5 31. Qc8 Rh7 32. Nxd5 Qd6 33. Qg8+ Kh6 34. Ne3 Rg7 35. Qh8+ Kg6 36. Rg8 1-0

[Event "10th Iberoamericano-ch 2024"]
[Site "Linares"]
[Date "2024.09.27"]
[Round "4.5"]
[White "Quesada Perez, Luis Ernesto"]
[Black "Fernandez Sanchez, Fernando Miguel"]
[Result "1-0"]
[ECO "D52"]
[WhiteElo "2578"]
[BlackElo "2399"]
[Annotator "RC"]
[PlyCount "55"]
[EventDate "2024.09.25"]
[EventType "swiss"]
[EventCountry "ESP"]
[SourceTitle "playchess.com"]
[Source "ChessBase"]
[SourceQuality "1"]
[TimeControl "5400+30"]

1. d4 Nf6 2. c4 e6 3. Nf3 d5 4. Nc3 c6 5. Bg5 Nbd7 6. e3 Qa5 7. Nd2 Bb4 8. Qc2 dxc4 9. Bxf6 Nxf6 10. Nxc4 Qc7 11. a3 Be7 12. Be2 c5 13. Nb5 Qb8 14. dxc5 Bxc5 15. b4 Be7 16. Na5 O-O 17. Nc7 b6 18. Nxa8 bxa5 19. Nc7 Bb7 20. Na6 Qe5 21. O-O Rc8 22. Qd3 Qg5 23. g3 Qh6 24. Rac1 Rxc1 25. Rxc1 Qh3 26. Bf1 Qh5 27. Rc7 Ng4 28. h3 1-0

[Event "10th Iberoamericano-ch 2024"]
[Site "Linares"]
[Date "2024.09.27"]
[Round "4.7"]
[White "Cesar Maestre, Bernardo"]
[Black "Avila Pavas, Santiago"]
[Result "1/2-1/2"]
[ECO "B27"]
[WhiteElo "2369"]
[BlackElo "2485"]
[Annotator "RC"]
[PlyCount "102"]
[EventDate "2024.09.25"]
[EventType "swiss"]
[EventCountry "ESP"]
[SourceTitle "playchess.com"]
[Source "ChessBase"]
[SourceQuality "1"]
[TimeControl "5400+30"]

1. e4 c5 2. Nf3 g6 3. c3 Nf6 4. e5 Nd5 5. d4 cxd4 6. cxd4 Bg7 7. Bc4 Nb6 8. Bb3 Nc6 9. a4 d5 10. exd6 Qxd6 11. a5 Nd7 12. Be3 O-O 13. Nc3 Nf6 14. h3 Qd8 15. a6 bxa6 16. O-O Bb7 17. Qe2 Rb8 18. Rfd1 Na5 19. Ba2 Bxf3 20. Qxf3 Rxb2 21. Na4 Rb5 22. Nc5 Nd7 23. Rab1 Rxb1 24. Rxb1 Nb6 25. Nb7 Nxb7 26. Qxb7 Bxd4 27. Bxd4 Qxd4 28. Qxa7 Qd2 29. Bxf7+ Rxf7 30. Qxb6 Rf6 31. Qc5 Kf7 32. Qc4+ Kg7 33. Qc5 Qd6 34. Qe3 Re6 35. Qc3+ Qe5 36. Qc4 Rf6 37. Qa2 h5 38. h4 g5 39. hxg5 Qxg5 40. Re1 Rg6 41. Qb2+ Kh7 42. Qb7 Rg7 43. Qe4+ Kh6 44. Qc6+ Rg6 45. Qb7 e5 46. Qa8 Kh7 47. Rd1 Rg7 48. Rd8 Qc1+ 49. Kh2 Qf4+ 50. Kg1 Qc1+ 51. Kh2 Qf4+ 1/2-1/2

[Event "10th Iberoamericano-ch 2024"]
[Site "Linares"]
[Date "2024.09.27"]
[Round "4.8"]
[White "Santos Flores, Alberto"]
[Black "Gines Esteo, Pedro Antonio"]
[Result "1/2-1/2"]
[ECO "D46"]
[WhiteElo "2168"]
[BlackElo "2477"]
[Annotator "RC"]
[PlyCount "67"]
[EventDate "2024.09.25"]
[EventType "swiss"]
[EventCountry "ESP"]
[SourceTitle "playchess.com"]
[Source "ChessBase"]
[SourceQuality "1"]
[TimeControl "5400+30"]

1. d4 Nf6 2. c4 e6 3. Nf3 d5 4. Nc3 c6 5. e3 Nbd7 6. Bd3 Bd6 7. e4 dxe4 8. Nxe4 Nxe4 9. Bxe4 Qa5+ 10. Bd2 Bb4 11. a3 Bxd2+ 12. Qxd2 Qxd2+ 13. Kxd2 c5 14. b4 Nf6 15. Ke3 cxd4+ 16. Nxd4 Nxe4 17. Kxe4 Bd7 18. c5 O-O-O 19. Rhd1 Ba4 20. Rd2 Rd5 21. Raa2 Rhd8 22. Ke3 Kc7 23. Nf3 f6 24. Rxd5 Rxd5 25. Nd4 Re5+ 26. Kd3 Bd7 27. f4 Rh5 28. g3 e5 29. fxe5 Rxe5 30. Re2 Rxe2 31. Kxe2 Kd8 32. Kd3 a6 33. Ke4 Bc6+ 34. Kf4 1/2-1/2

[Event "10th Iberoamericano-ch 2024"]
[Site "Linares"]
[Date "2024.09.27"]
[Round "4.9"]
[White "Fernandez Guillen, Ernesto J."]
[Black "Ladron De Guevara Pinto, Paolo"]
[Result "1/2-1/2"]
[ECO "C54"]
[WhiteElo "2463"]
[BlackElo "2371"]
[Annotator "RC"]
[PlyCount "89"]
[EventDate "2024.09.25"]
[EventType "swiss"]
[EventCountry "ESP"]
[SourceTitle "playchess.com"]
[Source "ChessBase"]
[SourceQuality "1"]
[TimeControl "5400+30"]

1. e4 e5 2. Nf3 Nc6 3. Bc4 Nf6 4. d3 Bc5 5. c3 d6 6. a4 a6 7. b4 Ba7 8. Bg5 h6 9. Bh4 g5 10. Bg3 Qe7 11. Nbd2 Nh5 12. a5 Qf6 13. h3 Ne7 14. Rf1 Ng6 15. Nh2 Nhf4 16. Bxf4 gxf4 17. Nhf3 Rg8 18. Qb3 Nf8 19. g4 fxg3 20. fxg3 Bxh3 21. O-O-O Bxf1 22. Rxf1 Be3 23. Kc2 Rxg3 24. Nd4 Bf4 25. Nf5 Rg2 26. Rxf4 exf4 27. b5 Nd7 28. bxa6 bxa6 29. Qb7 Rd8 30. Qxc7 f3 31. Nxd6+ Kf8 32. Nxf7 Rxd2+ 33. Kxd2 f2 34. Nxd8 f1=Q 35. Ne6+ Ke7 36. Qd8+ Kd6 37. Qc7+ Ke7 38. Qd8+ Kd6 39. e5+ Qxe5 40. Qc7+ Ke7 41. Qd8+ Kd6 42. Qc7+ Ke7 43. Qd8+ Kd6 44. Qc7+ Ke7 45. Qd8+ 1/2-1/2

[Event "10th Iberoamericano-ch 2024"]
[Site "Linares"]
[Date "2024.09.27"]
[Round "4.10"]
[White "Oro, Faustino"]
[Black "Leyva, Hector"]
[Result "1/2-1/2"]
[ECO "B98"]
[WhiteElo "2434"]
[BlackElo "2296"]
[Annotator "RC"]
[PlyCount "144"]
[EventDate "2024.09.25"]
[EventType "swiss"]
[EventCountry "ESP"]
[SourceTitle "playchess.com"]
[Source "ChessBase"]
[SourceQuality "1"]
[TimeControl "5400+30"]

1. e4 c5 2. Nf3 d6 3. d4 Nf6 4. Nc3 cxd4 5. Nxd4 a6 6. Bg5 e6 7. f4 h6 8. Bh4 Be7 9. Qf3 Qc7 10. O-O-O Nbd7 11. Bd3 g5 12. fxg5 Ne5 13. Qe2 Nfg4 14. Kb1 hxg5 15. Bg3 Bd7 16. h3 Nf6 17. Qd2 Nh5 18. Bh2 O-O-O 19. Nce2 Rdg8 20. Nf3 Nxf3 21. gxf3 e5 22. Rdg1 Nf4 23. Bxf4 exf4 24. Nc3 Be6 25. Be2 Bf6 26. Nd5 Bxd5 27. Qxd5 Be5 28. Qb3 Rg7 29. Bc4 Rh6 30. Bd5 Kb8 31. a3 Ka7 32. c3 Rhh7 33. Ka2 Qb6 34. Qd1 Rh5 35. Rg2 Rgh7 36. Rgh2 Rh4 37. Qf1 Qc5 38. Qg2 Bf6 39. Rd1 Qc8 40. Bb3 Qc7 41. Rhh1 Qb6 42. Rd5 Be5 43. Rd3 f6 44. Qf1 Re7 45. Rh2 Rh8 46. Bd5 Kb8 47. Qd1 Ka7 48. Qc2 Qg1 49. Rdd2 Qe3 50. Qd1 Qb6 51. Bb3 Qe3 52. Rh1 Qb6 53. Qf1 Qc7 54. Rd5 Reh7 55. Rd2 Qc8 56. Rdh2 Kb8 57. Bd5 Ka7 58. Kb1 Kb8 59. Qg2 Rh4 60. Qf1 R4h7 61. Bb3 Ka8 62. a4 Kb8 63. Bd5 Qd7 64. Qc4 Qc7 65. Qf1 Qd7 66. Bb3 Qc8 67. Qg2 Rh4 68. Bc2 Qc4 69. Qf2 Qc8 70. Qf1 Qe6 71. Bd1 R8h7 72. Qg2 Rh8 1/2-1/2